 Dungeon Crawl Stone Soup version 0.23.2-11-gf996548c65 (webtiles) character file.

Game seed: 17512170533370981211

938 BorisKarlOrff the Poker (level 7, -13/68 HPs)
             Began as a Minotaur Chaos Knight on June 4, 2019.
             Was a Plaything of Xom.
             Mangled by a jumping spider (shapeshifter) (16 damage)
             ... on level 5 of the Dungeon.
             The game lasted 00:09:17 (2496 turns).

BorisKarlOrff the Poker (Minotaur Chaos Knight)     Turns: 2496, Time: 00:09:17

Health: -13/68     AC: 12    Str: 19    XL:     7   Next: 87%
Magic:  6/6        EV: 13    Int:  7    God:    Xom [*.....]
Gold:   243        SH:  0    Dex: 18    Spells: 6/6 levels left

rFire    . . .     SeeInvis .   a - +1 spear (chaos)
rCold    . . .     Gourm    .   (no shield)
rNeg     . . .     Faith    .   p - +2 leather armour
rPois    +         Spirit   .   l - +1 hat of Weightlessness {Dex+7}
rElec    .         Reflect  .   q - +0 cloak
rCorr    .         Harm     .   (no gloves)
MR       .....                  e - +0 pair of boots
Stlth    +++.......             (no amulet)
HPRegen  0.21/turn              (no ring)
MPRegen  0.10/turn              (no ring)

@: heavily drained
A: retaliatory headbutt, horns 2, slimy green scales 1, yellow scales 1,
camouflage 1, dopey 1, mutation resistance 1, poison resistance, robust 1,
strong 1, MP-powered wands
a: Renounce Religion


You were on level 5 of the Dungeon.
You worshipped Xom.
You were a special plaything of Xom.
You were completely stuffed.

You visited 1 branch of the dungeon, and saw 5 of its levels.

You collected 243 gold pieces.

Inventory:

Hand Weapons
 a - a +1 spear of chaos (weapon)
 b - a +0 hunting sling
 t - a +2 mace of draining
Armour
 e - a +0 pair of boots (worn)
 l - the +1 hat of Weightlessness (worn) {Dex+7}
   (Xom gifted it to you on level 2 of the Dungeon)

   It affects your dexterity (+7).
 p - a +2 leather armour (worn)
 q - a +0 cloak (worn)
Wands
 j - a wand of digging (3)
Scrolls
 h - a scroll of immolation {unknown}
 i - 2 scrolls of amnesia {unknown}
 m - a scroll of identify
Potions
 g - a potion of resistance {unknown}
 k - a potion of lignification {unknown}
 o - a potion of brilliance {unknown}
 r - a potion of agility
 s - a potion of berserk rage {unknown}
Comestibles
 c - 3 rations


   Skills:
 + Level 5.7(4.4) Fighting
 + Level 0.8(0.0) Maces & Flails
 + Level 7.7(6.4) Polearms
 + Level 4.2(3.0) Armour
 + Level 3.5(2.3) Dodging
 + Level 3.2(2.1) Stealth


You had 6 spell levels left.
You didn't know any spells.
Your spell library was empty.

Dungeon Overview and Level Annotations

Branches:
Dungeon (5/15)             Temple (0/1) D:4

Altars:
Cheibriados
Qazlal
Sif Muna
Uskayaw
Xom

Shops:
D:5 (


Innate Abilities, Weirdness & Mutations

You reflexively headbutt those who attack you in melee.
You have a pair of horns on your head.
You are partially covered in slimy green scales. (AC +2)
You are partially covered in yellow scales. (AC +2)
Your skin changes colour to match your surroundings (Stealth+).
You are dopey. (Int -2)
You are somewhat resistant to further mutation.
Your system is resistant to poisons. (rPois)
You are robust. (+10% HP)
Your muscles are strong. (Str +2)
You expend magic power (3 MP) to strengthen your wands.


Message History

* * * LOW HITPOINT WARNING * * *
The jumping spider bites you.
* * * LOW HITPOINT WARNING * * *
The jumping spider misses you. You furiously retaliate!
You headbutt the jumping spider, but do no damage.
The jumping spider misses you.
You barely miss the jumping spider.
The jumping spider is lightly wounded.
The jumping spider pounces on you!
* * * LOW HITPOINT WARNING * * *
You are caught in a web!
The jumping spider bites you but does no damage.
The web tears apart.
The jumping spider pounces on you but does no damage.
The jumping spider completely misses you.
You hit the jumping spider. You headbutt the jumping spider.
The jumping spider is moderately wounded.
The jumping spider pounces on you!
You die...
Xom roars with laughter!

.####.####)..#
#.#
)......°...###
###.#####
##########s#
#.......# #.#
#.#.###.# #.#
#.#.).#.# #.#
#....∩#.# #.#
#§§§..#.#
#.#####§§§#.#.#
#....§§@s§....#
###############


You could see a jumping spider shaped shifter.

Vanquished Creatures
  Sigmund (D:3)
  A sky beast (D:3)
  2 ogres
  A phantom (D:4)
  A centaur (D:5)
  5 orc wizards
  A worker ant (D:4)
  Robin (D:2)
  3 gnolls (D:4)
  6 adders
  2 oozes
  2 worms
  2 dart slugs
  2 leopard geckos
  6 orcs
  A ball python (D:4)
  4 giant cockroaches
  8 hobgoblins
  A jackal (D:4)
  8 kobolds
  A quokka (D:3)
  9 bats
  3 frilled lizards
  10 goblins
  5 rats
86 creatures vanquished.

Vanquished Creatures (others)
  An orc wizard (D:3)
1 creature vanquished.

Grand Total: 87 creatures vanquished

Notes
Turn   | Place    | Note
-------+----------+-------------------------------------------
     0 | D:1      | BorisKarlOrff the Minotaur Chaos Knight began the quest for
                  | the Orb.
     0 | D:1      | Reached XP level 1. HP: 19/19 MP: 0/0
     6 | D:1      | Noticed a black bear
     6 | D:1      | Noticed a water moccasin
     6 | D:1      | Noticed a killer bee
     6 | D:1      | Noticed a hog
    52 | D:1      | Reached skill level 4 in Polearms
   126 | D:1      | XOM: mild Conj miscast
   262 | D:1      | Reached XP level 2. HP: 27/27 MP: 1/1
   337 | D:1      | XOM: medium Pois miscast
   385 | D:1      | XOM: give mutations
   385 | D:1      | Gained mutation: Your muscles are strong. (Str +2) [Xom's
                  | mischief]
   385 | D:1      | Lost mutation: Your muscles are strong. (Str +2) [Xom's
                  | mischief]
   385 | D:1      | Gained mutation: You are dopey. (Int -2) [Xom's mischief]
   452 | D:1      | XOM: give mutations
   452 | D:1      | Gained mutation: You are partially covered in yellow
                  | scales. (AC +2) [Xom's grace]
   452 | D:1      | Gained mutation: Your skin changes colour to match your
                  | surroundings (Stealth+). [Xom's grace]
   452 | D:1      | Gained mutation: You are resistant to hostile enchantments.
                  | (MR+) [Xom's grace]
   461 | D:1      | Reached XP level 3. HP: 32/33 MP: 2/2
   623 | D:1      | XOM: scenery: create altars
   641 | D:1      | XOM: give mutations
   641 | D:1      | Gained mutation: Your system is resistant to poisons.
                  | (rPois) [Xom's grace]
   641 | D:1      | Gained mutation: You are partially covered in slimy green
                  | scales. (AC +2) [Xom's grace]
   641 | D:1      | Gained mutation: Your muscles are strong. (Str +2) [Xom's
                  | grace]
   641 | D:1      | Gained mutation: You are somewhat resistant to further
                  | mutation. [Xom's grace]
   741 | D:2      | XOM: stealth player
   800 | D:2      | XOM: scenery: create altars
   809 | D:2      | Found a faded altar of an unknown god.
   914 | D:2      | Noticed Jessica
   921 | D:2      | Noticed Jessica
   921 | D:2      | Jessica changed into Jessica the hobgoblin
   925 | D:2      | Killed Jessica the hobgoblin
   977 | D:2      | XOM: god gift: translucent hat {god gift}
   978 | D:2      | Got a translucent hat {god gift}
   984 | D:2      | Identified the +1 hat of Weightlessness {Dex+7} (Xom gifted
                  | it to you on level 2 of the Dungeon)
  1030 | D:2      | Reached XP level 4. HP: 41/41 MP: 3/3
  1059 | D:2      | Noticed Robin
  1066 | D:2      | XOM: smoke on damage
  1070 | D:2      | Killed Robin
  1070 | D:2      | Reached skill level 5 in Polearms
  1172 | D:2      | XOM: scenery: 1 doors close
  1357 | D:3      | Noticed Sigmund
  1365 | D:3      | Killed Sigmund
  1365 | D:3      | Reached skill level 5 in Fighting
  1365 | D:3      | Reached skill level 1 in Stealth
  1365 | D:3      | Reached XP level 5. HP: 37/48 MP: 4/4
  1493 | D:3      | Found a snail-covered altar of Cheibriados.
  1512 | D:3      | Reached XP level 6. HP: 56/56 MP: 5/5
  1597 | D:3      | XOM: god gift: hunting sling {god gift}
  1638 | D:3      | Noticed a sky beast
  1640 | D:3      | XOM: scenery: 1 doors open
  1652 | D:3      | Reached skill level 6 in Polearms
  1664 | D:3      | Killed a sky beast
  1676 | D:3      | Found a deep blue altar of Sif Muna.
  1924 | D:4      | Reached XP level 7. HP: 38/61 MP: 6/6
  1955 | D:4      | Found a staircase to the Ecumenical Temple.
  1963 | D:4      | XOM: scenery: 1 doors close
  1986 | D:4      | XOM: polymorph frilled lizard -> jackal
  1993 | D:4      | Reached skill level 7 in Polearms
  2134 | D:4      | XOM: enchant monster (good)
  2180 | D:4      | XOM: god gift: glowing mace {god gift}
  2251 | D:4      | Found a stormy altar of Qazlal.
  2332 | D:4      | XOM: give mutations
  2332 | D:4      | Gained mutation: You are robust. (+10% HP) [Xom's grace]
  2332 | D:4      | Gained mutation: You expend magic power (3 MP) to
                  | strengthen your wands. [Xom's grace]
  2332 | D:4      | Gained mutation: You have large cloven feet. [Xom's grace]
  2348 | D:4      | XOM: cloud trail
  2378 | D:5      | Entered Level 5 of the Dungeon
  2391 | D:5      | Found Ritieb's Weapon Emporium.
  2418 | D:5      | Found a hide-covered altar of Uskayaw.
  2429 | D:5      | XOM: god gift: wand of iceblast (9)
  2432 | D:5      | Noticed a shapeshifter
  2432 | D:5      | a big kobold changed into a shapeshifter
  2432 | D:5      | XOM: polymorph big kobold -> shapeshifter
  2432 | D:5      | Noticed a hippogriff
  2432 | D:5      | a shapeshifter changed into a hippogriff
  2433 | D:5      | Noticed an orb spider
  2433 | D:5      | a hippogriff changed into an orb spider
  2441 | D:5      | Noticed a jumping spider
  2441 | D:5      | an orb spider changed into a jumping spider
  2449 | D:5      | XOM: polymorph adder -> dart slug
  2451 | D:5      | Lost mutation: You are resistant to hostile enchantments.
                  | (MR+) [potion of mutation]
  2451 | D:5      | Lost mutation: You have large cloven feet. [potion of
                  | mutation]
  2479 | D:5      | XOM: harmless Fire miscast
  2491 | D:5      | XOM: fog
  2494 | D:5      | HP: 2/68 [jumping spider (shapeshifter) (10)]
  2496 | D:5      | Mangled by a jumping spider (shapeshifter)

Skill      XL: |  1  2  3  4  5  6  7 |
---------------+----------------------+-----
Polearms       | 4 5 6 7 |  7.7
Fighting       | 4 5 |  5.7
Armour         | 3 4 |  4.2
Dodging        | 2 3 |  3.5
Stealth        | 1 2 3 |  3.2
Maces & Flails | |  0.8

Action                   |  1- 3 |  4- 6 |  7- 9 || total
-------------------------+-------+-------+-------++-------
Melee: Spear             |    66 |    71 |    43 ||   180
       Headbutt          |     8 |    20 |    18 ||    46
       Mace              |       |       |    21 ||    21
  Use: Scroll            |     1 |     1 |     3 ||     5
       Potion            |       |       |     5 ||     5
 Stab: Sleeping          |     2 |     4 |       ||     6
       Paralysed         |       |       |     1 ||     1
  Eat: Ration            |       |     1 |     3 ||     4
       Chunk             |       |       |     1 ||     1
Armor: Leather armour    |    41 |    33 |    46 ||   120
Dodge: Dodged            |    53 |    44 |    51 ||   148
